Workbook

Sheet Journal Entries
A1: Date | B1: Particulars | C1: Debit | D1: Credit
A3: 42737 | B3: Bank | C3: 15000
B4: Owners Equity | D4: 15000
A6: 42737 | B6: Preliminary Expense | C6: 50
B7: Bank | D7: 50
A9: 42737 | B9: Rent Expense | C9: 700
B10: Prepaid Rent | C10: 1400
B11: Bank | D11: 2100
A13: 42739 | B13: Equipments | C13: 1471
B14: Bank | D14: 1471
A16: 42745 | B16: Website Expenses | C16: 18
B17: Bank | D17: 18
A19: 42746 | B19: Telephone Expenses | C19: 50
B20: Cell Phone | C20: 100
B21: PrePaid Telephone Expenses | C21: 100
B22: Bank | D22: 250
A24: 42747 | B24: Bank | C24: 300
B25: Services Revenue | D25: 300
A27: 42750 | B27: Bank | C27: 125
B28: Services Revenue | D28: 125
A30: 42752 | B30: Bank | C30: 300
B31: Services Revenue | D31: 300
A33: 42753 | B33: Bank | C33: 150
B34: Services Revenue | D34: 150
A36: 42757 | B36: Bank | C36: 125
B37: Services Revenue | D37: 125
A39: 42760 | B39: Printing & Stationary expenses | C39: 50
B40: Bank | D40: 50
A42: 42767 | B42: Warehouse Utilities expenses | C42: 100
B43: Bank | D43: 100
A45: 42767 | B45: Rent Expense | C45: 700
B46: Prepaid Rent | D46: 700
A48: 42768 | B48: Bank | C48: 1925
B49: Services Revenue | D49: 1925
A51: 42769 | B51: Drawings | C51: 300
B52: Bank | D52: 300
A54: 42772 | B54: Bank | C54: 600
B55: Unearned Revenue | D55: 600
A57: 42776 | B57: Website Expenses | C57: 18
B58: Bank | D58: 18
A60: 42776 | B60: Telephone Expenses | C60: 50
B61: PrePaid Telephone Expenses | D61: 50
A63: 42781 | B63: Bank | C63: 750
B64: Unearned Revenue | D64: 750
A66: 42786 | B66: Unearned Revenue | C66: 375
B67: Services Revenue | D67: 375
A69: 42788 | B69: Printing & Stationary expenses | C69: 500
B70: Bank | D70: 500
A72: 42793 | B72: Bank | C72: 1875
B73: Services Revenue | D73: 1875
A75: 42794 | B75: Unearned Revenue | C75: 450
B76: Services Revenue | D76: 450
A78: 42795 | B78: Warehouse Utilities expenses | C78: 100
B79: Bank | D79: 100
A81: 42795 | B81: Rent Expense | C81: 700
B82: Prepaid Rent | D82: 700
A84: 42797 | B84: Unearned Revenue | C84: 175
B85: Services Revenue | D85: 175
A87: 42804 | B87: Website Expenses | C87: 18
B88: Bank | D88: 18
A90: 42804 | B90: Telephone Expenses | C90: 50
B91: PrePaid Telephone Expenses | D91: 50
A93: 42805 | B93: Inventory | C93: 1000
B94: Accounts Payable | D94: 1000
A96: 42806 | B96: Unearned Revenue | C96: 150
B97: Services Revenue | D97: 150
A99: 42808 | B99: Bank | C99: 1600
B100: Services Revenue | D100: 1600
A102: 42809 | B102: Unearned Revenue | C102: 75
B103: Services Revenue | D103: 75
A105: 42812 | B105: Accounts Payable | C105: 1000
B106: Bank | D106: 980
B107: Discounts received | D107: 20
A109: 42817 | B109: Bank | C109: 50
B110: Services Revenue | D110: 50
A112: 42818 | B112: Bank | C112: 750
B113: Unearned Revenue | D113: 750
A115: 42821 | B115: Bank | C115: 975
B116: Services Revenue | D116: 975
A118: 42824 | B118: Drawings | C118: 500
B119: Bank | D119: 500
A121: 42824 | B121: Accounts receivable | C121: 400
B122: Sales | D122: 375
B123: Sales Tax Liability | D123: 25
A125: 42824 | B125: Cost of Goods sold | C125: 75
B126: Inventory | D126: 75
A128: 42826 | B128: Warehouse Utilities expenses | C128: 100
B129: Bank | D129: 100
A131: 42826 | B131: Rent Expense | C131: 700
B132: Prepaid Rent | C132: 1400
B133: Bank | D133: 2100
A135: 42830 | B135: Work Vehicle | C135: 10000
B136: Bank | D136: 10000
A138: 42833 | B138: Bank | C138: 500
B139: Services Revenue | D139: 500
A141: 42834 | B141: Bank | C141: 150
B142: Services Revenue | D142: 150
A144: 42835 | B144: Website Expenses | C144: 18
B145: Bank | D145: 18
A147: 42836 | B147: Bank | C147: 300
...

Sheet T Accounts
A2: Bank | H2: Service Revenue | O2: Unearned Revenue
A3: Date | B3: Particulars | C3: Amount | D3: Date | E3: Particulars | F3: Amount | H3: Date | I3: Particulars | J3: Amount | K3: Date | L3: Particulars | M3: Amount | O3: Date | P3: Particulars | Q3: Amount | R3: Date | S3: Particulars | T3: Amount
A4: ='Journal Entries'!A$3 -> 42737 | B4: ='Journal Entries'!B$4 -> Owners Equity | C4: ='Journal Entries'!$D4 -> 15000 | D4: ='Journal Entries'!A$6 -> 42737 | E4: ='Journal Entries'!$B6 -> Preliminary Expense | F4: ='Journal Entries'!$C6 -> 50 | H4: 43100 | I4: Bal c/d | J4: =M67 -> 60685 | K4: ='Journal Entries'!A24 -> 42747 | L4: ='Journal Entries'!B24 -> Bank | M4: ='Journal Entries'!C24 -> 300 | O4: ='Journal Entries'!A66 -> 42786 | P4: ='Journal Entries'!B67 -> Services Revenue | Q4: ='Journal Entries'!C66 -> 375 | R4: ='Journal Entries'!A54 -> 42772 | S4: ='Journal Entries'!B54 -> Bank | T4: ='Journal Entries'!C54 -> 600
A5: ='Journal Entries'!A$24 -> 42747 | B5: ='Journal Entries'!B25 -> Services Revenue | C5: ='Journal Entries'!D$25 -> 300 | D5: ='Journal Entries'!A$9 -> 42737 | E5: ='Journal Entries'!B9 -> Rent Expense | F5: ='Journal Entries'!C9 -> 700 | K5: ='Journal Entries'!A27 -> 42750 | L5: ='Journal Entries'!B27 -> Bank | M5: ='Journal Entries'!C27 -> 125 | O5: ='Journal Entries'!A84 -> 42797 | P5: ='Journal Entries'!B85 -> Services Revenue | Q5: ='Journal Entries'!C84 -> 175 | R5: ='Journal Entries'!A63 -> 42781 | S5: ='Journal Entries'!B63 -> Bank | T5: ='Journal Entries'!C63 -> 750
A6: ='Journal Entries'!A$27 -> 42750 | B6: ='Journal Entries'!B28 -> Services Revenue | C6: ='Journal Entries'!D$28 -> 125 | E6: ='Journal Entries'!B10 -> Prepaid Rent | F6: ='Journal Entries'!C10 -> 1400 | K6: ='Journal Entries'!A30 -> 42752 | L6: ='Journal Entries'!B30 -> Bank | M6: ='Journal Entries'!C30 -> 300 | O6: ='Journal Entries'!A96 -> 42806 | P6: ='Journal Entries'!B97 -> Services Revenue | Q6: ='Journal Entries'!C96 -> 150 | R6: ='Journal Entries'!A112 -> 42818 | S6: ='Journal Entries'!B112 -> Bank | T6: ='Journal Entries'!C112 -> 750
A7: ='Journal Entries'!A$30 -> 42752 | B7: ='Journal Entries'!B31 -> Services Revenue | C7: ='Journal Entries'!C30 -> 300 | D7: ='Journal Entries'!A$13 -> 42739 | E7: ='Journal Entries'!$B13 -> Equipments | F7: ='Journal Entries'!$C13 -> 1471 | K7: ='Journal Entries'!A33 -> 42753 | L7: ='Journal Entries'!B33 -> Bank | M7: ='Journal Entries'!C33 -> 150 | O7: ='Journal Entries'!A102 -> 42809 | P7: ='Journal Entries'!B103 -> Services Revenue | Q7: ='Journal Entries'!C102 -> 75 | R7: ='Journal Entries'!A147 -> 42836 | S7: ='Journal Entries'!B147 -> Bank | T7: ='Journal Entries'!C147 -> 300
A8: ='Journal Entries'!A$33 -> 42753 | B8: ='Journal Entries'!B34 -> Services Revenue | C8: ='Journal Entries'!C33 -> 150 | D8: ='Journal Entries'!A$16 -> 42745 | E8: ='Journal Entries'!B$16 -> Website Expenses | F8: ='Journal Entries'!C$16 -> 18 | K8: ='Journal Entries'!A36 -> 42757 | L8: ='Journal Entries'!B36 -> Bank | M8: ='Journal Entries'!C36 -> 125 | O8: ='Journal Entries'!A169 -> 42853 | P8: ='Journal Entries'!B170 -> Services Revenue | Q8: ='Journal Entries'!C169 -> 500 | R8: ='Journal Entries'!A157 -> 42840 | S8: ='Journal Entries'!B157 -> Bank | T8: ='Journal Entries'!C157 -> 600
A9: ='Journal Entries'!A$36 -> 42757 | B9: ='Journal Entries'!B37 -> Services Revenue | C9: ='Journal Entries'!C36 -> 125 | D9: ='Journal Entries'!$A$19 -> 42746 | E9: ='Journal Entries'!B$19 -> Telephone Expenses | F9: ='Journal Entries'!C$19 -> 50 | K9: ='Journal Entries'!A48 -> 42768 | L9: ='Journal Entries'!B48 -> Bank | M9: ='Journal Entries'!C48 -> 1925 | O9: ='Journal Entries'!A191 -> 42859 | P9: ='Journal Entries'!B192 -> Services Revenue | Q9: ='Journal Entries'!C191 -> 125 | R9: ='Journal Entries'!A271 -> 42915 | S9: ='Journal Entries'!B271 -> Bank | T9: ='Journal Entries'!C271 -> 750
A10: ='Journal Entries'!A$48 -> 42768 | B10: ='Journal Entries'!B49 -> Services Revenue | C10: ='Journal Entries'!C$48 -> 1925 | E10: ='Journal Entries'!B$20 -> Cell Phone | F10: ='Journal Entries'!C$20 -> 100 | K10: ='Journal Entries'!A66 -> 42786 | L10: ='Journal Entries'!B66 -> Unearned Revenue | M10: ='Journal Entries'!C66 -> 375 | O10: ='Journal Entries'!A268 -> 42910 | P10: ='Journal Entries'!B269 -> Services Revenue | Q10: ='Journal Entries'!C268 -> 200 | R10: ='Journal Entries'!A344 -> 42948 | S10: ='Journal Entries'!B344 -> Bank | T10: ='Journal Entries'!C344 -> 600
A11: ='Journal Entries'!A54 -> 42772 | B11: ='Journal Entries'!B55 -> Unearned Revenue | C11: ='Journal Entries'!C54 -> 600 | E11: ='Journal Entries'!$B$21 -> PrePaid Telephone Expenses | F11: ='Journal Entries'!C$21 -> 100 | K11: ='Journal Entries'!A72 -> 42793 | L11: ='Journal Entries'!B72 -> Bank | M11: ='Journal Entries'!C72 -> 1875 | O11: ='Journal Entries'!A310 -> 42933 | P11: ='Journal Entries'!B311 -> Services Revenue | Q11: ='Journal Entries'!C310 -> 150 | R11: ='Journal Entries'!A440 -> 43011 | S11: ='Journal Entries'!B440 -> Bank | T11: ='Journal Entries'!C440 -> 600
A12: ='Journal Entries'!A$63 -> 42781 | B12: ='Journal Entries'!B$64 -> Unearned Revenue | C12: ='Journal Entries'!C$63 -> 750 | D12: ='Journal Entries'!A$39 -> 42760 | E12: ='Journal Entries'!B39 -> Printing & Stationary expenses | F12: ='Journal Entries'!$C$39 -> 50 | K12: ='Journal Entries'!A75 -> 42794 | L12: ='Journal Entries'!B75 -> Unearned Revenue | M12: ='Journal Entries'!C75 -> 450 | O12: ='Journal Entries'!A325 -> 42945 | P12: ='Journal Entries'!B326 -> Services Revenue | Q12: ='Journal Entries'!C325 -> 150
A13: ='Journal Entries'!A$72 -> 42793 | B13: ='Journal Entries'!B$73 -> Services Revenue | C13: ='Journal Entries'!C$72 -> 1875 | D13: ='Journal Entries'!A42 -> 42767 | E13: ='Journal Entries'!B42 -> Warehouse Utilities expenses | F13: ='Journal Entries'!C42 -> 100 | K13: ='Journal Entries'!A84 -> 42797 | L13: ='Journal Entries'!B84 -> Unearned Revenue | M13: ='Journal Entries'!C84 -> 175 | O13: ='Journal Entries'!A353 -> 42951 | P13: ='Journal Entries'!B354 -> Services Revenue | Q13: ='Journal Entries'!C353 -> 225
A14: ='Journal Entries'!A$99 -> 42808 | B14: ='Journal Entries'!B$100 -> Services Revenue | C14: ='Journal Entries'!C$99 -> 1600 | D14: ='Journal Entries'!A$51 -> 42769 | E14: ='Journal Entries'!B$51 -> Drawings | F14: ='Journal Entries'!C$51 -> 300 | K14: ='Journal Entries'!A96 -> 42806 | L14: ='Journal Entries'!B96 -> Unearned Revenue | M14: ='Journal Entries'!C96 -> 150 | O14: ='Journal Entries'!A362 -> 42959 | P14: ='Journal Entries'!B363 -> Services Revenue | Q14: ='Journal Entries'!C362 -> 300
A15: ='Journal Entries'!A$109 -> 42817 | B15: ='Journal Entries'!B$110 -> Services Revenue | C15: ='Journal Entries'!C$109 -> 50 | D15: ='Journal Entries'!A$57 -> 42776 | E15: ='Journal Entries'!B$57 -> Website Expenses | F15: ='Journal Entries'!C$57 -> 18 | K15: ='Journal Entries'!A99 -> 42808 | L15: ='Journal Entries'!B99 -> Bank | M15: ='Journal Entries'!C99 -> 1600 | O15: 43100 | P15: bal c/d | Q15: =T16-(SUM(Q4:Q14)) -> 2525
A16: ='Journal Entries'!A$112 -> 42818 | B16: ='Journal Entries'!B$113 -> Unearned Revenue | C16: ='Journal Entries'!C$112 -> 750 | D16: ='Journal Entries'!A$69 -> 42788 | E16: ='Journal Entries'!B$69 -> Printing & Stationary expenses | F16: ='Journal Entries'!C$69 -> 500 | K16: ='Journal Entries'!A102 -> 42809 | L16: ='Journal Entries'!B102 -> Unearned Revenue | M16: ='Journal Entries'!C102 -> 75 | Q16: =Q15+SUM(Q4:Q14) -> 4950 | T16: =SUM(T4:T11) -> 4950
A17: ='Journal Entries'!A$115 -> 42821 | B17: ='Journal Entries'!B$116 -> Services Revenue | C17: ='Journal Entries'!C$115 -> 975 | D17: ='Journal Entries'!A$78 -> 42795 | E17: ='Journal Entries'!B$78 -> Warehouse Utilities expenses | F17: ='Journal Entries'!C$78 -> 100 | K17: ='Journal Entries'!A109 -> 42817 | L17: ='Journal Entries'!B109 -> Bank | M17: ='Journal Entries'!C109 -> 50
A18: ='Journal Entries'!A$138 -> 42833 | B18: ='Journal Entries'!B$139 -> Services Revenue | C18: ='Journal Entries'!C$138 -> 500 | D18: ='Journal Entries'!A$87 -> 42804 | E18: ='Journal Entries'!B$87 -> Website Expenses | F18: ='Journal Entries'!C$87 -> 18 | K18: ='Journal Entries'!A115 -> 42821 | L18: ='Journal Entries'!B115 -> Bank | M18: ='Journal Entries'!C115 -> 975
A19: ='Journal Entries'!A$141 -> 42834 | B19: ='Journal Entries'!B$142 -> Services Revenue | C19: ='Journal Entries'!C$141 -> 150 | D19: ='Journal Entries'!A$105 -> 42812 | E19: ='Journal Entries'!B$105 -> Accounts Payable | F19: ='Journal Entries'!D106 -> 980 | K19: ='Journal Entries'!A138 -> 42833 | L19: ='Journal Entries'!B138 -> Bank | M19: ='Journal Entries'!C138 -> 500
A20: ='Journal Entries'!A$147 -> 42836 | B20: ='Journal Entries'!B$148 -> Unearned Revenue | C20: ='Journal Entries'!C$147 -> 300 | D20: ='Journal Entries'!A$128 -> 42826 | E20: ='Journal Entries'!B$128 -> Warehouse Utilities expenses | F20: ='Journal Entries'!C$128 -> 100 | K20: ='Journal Entries'!A141 -> 42834 | L20: ='Journal Entries'!B141 -> Bank | M20: ='Journal Entries'!C141 -> 150
A21: ='Journal Entries'!A$150 -> 42836 | B21: ='Journal Entries'!B$150 -> Telephone Expenses | C21: ='Journal Entries'!C$150 -> 50 | D21: ='Journal Entries'!A$131 -> 42826 | E21: ='Journal Entries'!B$131 -> Rent Expense | F21: ='Journal Entries'!C$131 -> 700 | K21: ='Journal Entries'!A154 -> 42839 | L21: ='Journal Entries'!B154 -> Bank | M21: ='Journal Entries'!C154 -> 2550
B22: ='Journal Entries'!B$151 -> PrePaid Telephone Expenses | C22: ='Journal Entries'!C$151 -> 100 | E22: ='Journal Entries'!B$132 -> Prepaid Rent | F22: ='Journal Entries'!C$132 -> 1400 | K22: ='Journal Entries'!A160 -> 42842 | L22: ='Journal Entries'!B160 -> Bank | M22: ='Journal Entries'!C160 -> 75
A23: ='Journal Entries'!A$154 -> 42839 | B23: ='Journal Entries'!B$155 -> Services Revenue | C23: ='Journal Entries'!C$154 -> 2550 | D23: ='Journal Entries'!A$135 -> 42830 | E23: ='Journal Entries'!B$135 -> Work Vehicle | F23: ='Journal Entries'!C$135 -> 10000 | K23: ='Journal Entries'!A169 -> 42853 | L23: ='Journal Entries'!B169 -> Unearned Revenue | M23: ='Journal Entries'!C169 -> 500
A24: ='Journal Entries'!A$157 -> 42840 | B24: ='Journal Entries'!B$158 -> Unearned Revenue | C24: ='Journal Entries'!C$157 -> 600 | D24: ='Journal Entries'!A$163 -> 42845 | E24: ='Journal Entries'!B$163 -> Sales Tax Liability | F24: ='Journal Entries'!C$163 -> 25 | K24: ='Journal Entries'!A194 -> 42862 | L24: ='Journal Entries'!B194 -> Bank | M24: ='Journal Entries'!C194 -> 1650
A25: ='Journal Entries'!A$160 -> 42842 | B25: ='Journal Entries'!B$161 -> Services Revenue | C25: ='Journal Entries'!C$160 -> 75 | D25: ='Journal Entries'!A$144 -> 42835 | E25: ='Journal Entries'!B$144 -> Website Expenses | F25: ='Journal Entries'!C$144 -> 18 | K25: ='Journal Entries'!A197 -> 42862 | L25: ='Journal Entries'!B197 -> Bank | M25: ='Journal Entries'!C197 -> 200
A26: ='Journal Entries'!A$194 -> 42862 | B26: ='Journal Entries'!B$195 -> Services Revenue | C26: ='Journal Entries'!C$194 -> 1650 | D26: ='Journal Entries'!A$179 -> 42856 | E26: ='Journal Entries'!B$179 -> Warehouse Utilities expenses | F26: ='Journal Entries'!C$179 -> 100 | K26: ='Journal Entries'!A200 -> 42863 | L26: ='Journal Entries'!B200 -> Bank | M26: ='Journal Entries'!C200 -> 75
A27: ='Journal Entries'!A$197 -> 42862 | B27: ='Journal Entries'!B$198 -> Services Revenue | C27: 200 | D27: ='Journal Entries'!A$185 -> 42856 | E27: ='Journal Entries'!B$185 -> Intangible assets | F27: 355 | K27: ='Journal Entries'!A212 -> 42875 | L27: ='Journal Entries'!B212 -> Bank | M27: ='Journal Entries'!C212 -> 625
A28: ='Journal Entries'!A$200 -> 42863 | B28: ='Journal Entries'!B$201 -> Services Revenue | C28: 75 | D28: ='Journal Entries'!A$203 -> 42865 | E28: ='Journal Entries'!B$203 -> Website Expenses | F28: 18 | K28: ='Journal Entries'!A215 -> 42877 | L28: ='Journal Entries'!B215 -> Bank | M28: ='Journal Entries'!C215 -> 1750
A29: ='Journal Entries'!A$212 -> 42875 | B29: ='Journal Entries'!B$213 -> Services Revenue | C29: 625 | D29: ='Journal Entries'!$A$209 -> 42875 | E29: ='Journal Entries'!$B$209 -> Sales tax Liability | F29: ='Journal Entries'!$C$209 -> 40 | K29: ='Journal Entries'!A243 -> 42899 | L29: ='Journal Entries'!B243 -> Bank | M29: ='Journal Entries'!C243 -> 1525
A30: ='Journal Entries'!A$215 -> 42877 | B30: ='Journal Entries'!B$216 -> Services Revenue | C30: ='Journal Entries'!C$215 -> 1750 | D30: ='Journal Entries'!A$228 -> 42887 | E30: ='Journal Entries'!B$228 -> Warehouse Utilities expenses | F30: ='Journal Entries'!C$228 -> 100 | K30: ='Journal Entries'!A246 -> 42900 | L30: ='Journal Entries'!B246 -> Bank | M30: ='Journal Entries'!C246 -> 150
A31: ='Journal Entries'!A$218 -> 42886 | B31: ='Journal Entries'!B$219 -> Accounts Receivable | C31: 300 | D31: ='Journal Entries'!A$234 -> 42896 | E31: ='Journal Entries'!B$234 -> Website Expenses | F31: 18 | K31: ='Journal Entries'!A252 -> 42902 | L31: ='Journal Entries'!B252 -> Accounts Receivable | M31: ='Journal Entries'!C252 -> 450
A32: ='Journal Entries'!A$243 -> 42899 | B32: ='Journal Entries'!B$244 -> Services Revenue | C32: ='Journal Entries'!C$243 -> 1525 | D32: ='Journal Entries'!A$249 -> 42901 | E32: ='Journal Entries'!B$249 -> Printing & Stationary expenses | F32: ='Journal Entries'!C$249 -> 250 | K32: ='Journal Entries'!A259 -> 42904 | L32: ='Journal Entries'!B259 -> Bank | M32: ='Journal Entries'!C259 -> 1375
A33: ='Journal Entries'!A$246 -> 42900 | B33: ='Journal Entries'!B$247 -> Services Revenue | C33: ='Journal Entries'!C$246 -> 150 | D33: ='Journal Entries'!A$255 -> 42904 | E33: ='Journal Entries'!B$255 -> Accounts Payable | F33: ='Journal Entries'!D$256 -> 784 | K33: ='Journal Entries'!A265 -> 42906 | L33: ='Journal Entries'!B265 -> Bank | M33: ='Journal Entries'!C265 -> 1675
A34: ='Journal Entries'!A$259 -> 42904 | B34: ='Journal Entries'!B$260 -> Services Revenue | C34: ='Journal Entries'!C$259 -> 1375 | D34: ='Journal Entries'!A$262 -> 42906 | E34: ='Journal Entries'!B$262 -> Sales tax Liability | F34: ='Journal Entries'!C$262 -> 50 | K34: ='Journal Entries'!A294 -> 42926 | L34: ='Journal Entries'!B294 -> Bank | M34: ='Journal Entries'!C294 -> 1800
A35: ='Journal Entries'!A$265 -> 42906 | B35: ='Journal Entries'!B$266 -> Services Revenue | C35: ='Journal Entries'!C$265 -> 1675 | D35: ='Journal Entries'!A$281 -> 42917 | E35: ='Journal Entries'!B$281 -> Warehouse Utilities expenses | F35: ='Journal Entries'!C$281 -> 100 | K35: ='Journal Entries'!A297 -> 42927 | L35: ='Journal Entries'!B297 -> Accounts receivable | M35: ='Journal Entries'!C297 -> 300
A36: ='Journal Entries'!A$271 -> 42915 | B36: ='Journal Entries'!B$272 -> Unearned Revenue | C36: ='Journal Entries'!C$271 -> 750 | D36: ='Journal Entries'!A$284 -> 42917 | E36: ='Journal Entries'!B$284 -> Rent Expense | F36: ='Journal Entries'!C$284 -> 700 | K36: ='Journal Entries'!A307 -> 42929 | L36: ='Journal Entries'!B307 -> Bank | M36: ='Journal Entries'!C307 -> 100
A37: ='Journal Entries'!A$294 -> 42926 | B37: ='Journal Entries'!B$295 -> Services Revenue | C37: ='Journal Entries'!C$294 -> 1800 | E37: ='Journal Entries'!B$285 -> Prepaid Rent | F37: ='Journal Entries'!C$285 -> 1400 | K37: ='Journal Entries'!A310 -> 42933 | L37: ='Journal Entries'!B310 -> Unearned Revenue | M37: ='Journal Entries'!C310 -> 150
A38: ='Journal Entries'!A$304 -> 42928 | B38: ='Journal Entries'!B$305 -> Accounts receivable | C38: ='Journal Entries'!C$304 -> 450 | D38: ='Journal Entries'!A$288 -> 42921 | E38: ='Journal Entries'!B$288 -> Printing & Stationary expenses | F38: ='Journal Entries'!C$288 -> 50 | K38: ='Journal Entries'!A313 -> 42934 | L38: ='Journal Entries'!B313 -> Accounts Receivable | M38: ='Journal Entries'!C313 -> 250
A39: ='Journal Entries'!A$307 -> 42929 | B39: ='Journal Entries'!B$308 -> Services Revenue | C39: ='Journal Entries'!C$307 -> 100 | D39: ='Journal Entries'!A$291 -> 42926 | E39: ='Journal Entries'!B$291 -> Website Expenses | F39: ='Journal Entries'!C$291 -> 18 | K39: ='Journal Entries'!A319 -> 42943 | L39: ='Journal Entries'!B319 -> Bank | M39: ='Journal Entries'!C319 -> 1450
A40: ='Journal Entries'!A$319 -> 42943 | B40: ='Journal Entries'!B$320 -> Services Revenue | C40: ='Journal Entries'!C$319 -> 1450 | D40: ='Journal Entries'!A$300 -> 42927 | E40: ='Journal Entries'!B$300 -> Telephone Expenses | F40: ='Journal Entries'!C$300 -> 50 | K40: ='Journal Entries'!A322 -> 42944 | L40: ='Journal Entries'!B322 -> Bank | M40: ='Journal Entries'!C322 -> 150
A41: ='Journal Entries'!A$322 -> 42944 | B41: ='Journal Entries'!B$323 -> Services Revenue | C41: ='Journal Entries'!C$322 -> 150 | E41: ='Journal Entries'!B$301 -> Pre Paid Telephone Expenses | F41: ='Journal Entries'!C$301 -> 100 | K41: ='Journal Entries'!A325 -> 42945 | L41: ='Journal Entries'!B325 -> Unearned Revenue | M41: ='Journal Entries'!C325 -> 150
A42: ='Journal Entries'!A$328 -> 42946 | B42: ='Journal Entries'!B$329 -> Accounts Receivable | C42: ='Journal Entries'!C$328 -> 550 | D42: ='Journal Entries'!A$316 -> 42936 | E42: ='Journal Entries'!B$316 -> Sales tax liability | F42: ='Journal Entries'!C$316 -> 45 | K42: ='Journal Entries'!A347 -> 42949 | L42: ='Journal Entries'!B347 -> Bank | M42: ='Journal Entries'!C347 -> 1350
A43: ='Journal Entries'!A$344 -> 42948 | B43: ='Journal Entries'!B$345 -> Unearned Revenue | C43: ='Journal Entries'!C$344 -> 600 | D43: ='Journal Entries'!A$338 -> 42948 | E43: ='Journal Entries'!B$338 -> Warehouse Utilities expenses | F43: ='Journal Entries'!C$338 -> 100 | K43: ='Journal Entries'!A368 -> 42968 | L43: ='Journal Entries'!B368 -> Bank | M43: ='Journal Entries'!C368 -> 2200
A44: ='Journal Entries'!A$347 -> 42949 | B44: ='Journal Entries'!B$348 -> Services Revenue | C44: ='Journal Entries'!C$347 -> 1350 | D44: ='Journal Entries'!A$356 -> 42957 | E44: ='Journal Entries'!B$356 -> Website Expenses | F44: ='Journal Entries'!C$356 -> 18 | K44: ='Journal Entries'!A390 -> 42989 | L44: ='Journal Entries'!B390 -> Bank | M44: ='Journal Entries'!C390 -> 1885
A45: ='Journal Entries'!A$368 -> 42968 | B45: ='Journal Entries'!B$369 -> Services Revenue | C45: ='Journal Entries'!C$368 -> 2200 | D45: ='Journal Entries'!A$365 -> 42967 | E45: ='Journal Entries'!B$365 -> Sales tax Liability | F45: ='Journal Entries'!C$365 -> 50 | K45: ='Journal Entries'!A396 -> 42991 | L45: ='Journal Entries'!B396 -> Accounts Receivable | M45: ='Journal Entries'!C396 -> 500
A46: ='Journal Entries'!A$390 -> 42989 | B46: ='Journal Entries'!B$391 -> Services Revenue | C46: ='Journal Entries'!C$390 -> 1885 | D46: ='Journal Entries'!A$381 -> 42979 | E46: ='Journal Entries'!B$381 -> Warehouse Utilities expenses | F46: ='Journal Entries'!C$381 -> 100 | K46: ='Journal Entries'!A402 -> 42993 | L46: ='Journal Entries'!B402 -> Bank | M46: ='Journal Entries'!C402 -> 1200
A47: ='Journal Entries'!A$399 -> 42992 | B47: ='Journal Entries'!B$400 -> Accounts Receivable | C47: ='Journal Entries'!C$399 -> 250 | D47: ='Journal Entries'!A$387 -> 42988 | E47: ='Journal Entries'!B$387 -> Website Expenses | F47: ='Journal Entries'!C$387 -> 18 | K47: ='Journal Entries'!A405 -> 42994 | L47: ='Journal Entries'!B405 -> Bank | M47: ='Journal Entries'!C405 -> 100
A48: ='Journal Entries'!A$402 -> 42993 | B48: ='Journal Entries'!B$403 -> Services Revenue | C48: ='Journal Entries'!C$402 -> 1200 | D48: ='Journal Entries'!A$411 -> 42998 | E48: ='Journal Entries'!B$411 -> Sales tax liability | F48: ='Journal Entries'!C$411 -> 40 | K48: ='Journal Entries'!A408 -> 42997 | L48: ='Journal Entries'!B408 -> Bank | M48: ='Journal Entries'!C408 -> 75
A49: ='Journal Entries'!A$405 -> 42994 | B49: ='Journal Entries'!B$406 -> Services Revenue | C49: ='Journal Entries'!C$405 -> 100 | D49: ='Journal Entries'!A$430 -> 43009 | E49: ='Journal Entries'!B$430 -> Warehouse Utilities expenses | F49: ='Journal Entries'!C$430 -> 100 | K49: ='Journal Entries'!A414 -> 42998 | L49: ='Journal Entries'!B414 -> Bank | M49: ='Journal Entries'!C414 -> 2650
A50: ='Journal Entries'!A$408 -> 42997 | B50: ='Journal Entries'!B$409 -> Services Revenue | C50: ='Journal Entries'!C$408 -> 75 | D50: ='Journal Entries'!A$433 -> 43009 | E50: ='Journal Entries'!B$433 -> Rent Expense | F50: ='Journal Entries'!C$433 -> 700 | K50: ='Journal Entries'!A437 -> 43010 | L50: ='Journal Entries'!B437 -> Bank | M50: ='Journal Entries'!C437 -> 3800
A51: ='Journal Entries'!A$414 -> 42998 | B51: ='Journal Entries'!B$415 -> Services Revenue | C51: ='Journal Entries'!C$414 -> 2650 | E51: ='Journal Entries'!B$434 -> Prepaid Rent | F51: ='Journal Entries'!C$434 -> 1400 | K51: ='Journal Entries'!A456 -> 43023 | L51: ='Journal Entries'!B456 -> Bank | M51: ='Journal Entries'!C456 -> 2800
A52: ='Journal Entries'!A$420 -> 43008 | B52: ='Journal Entries'!B$421 -> Accounts Receivable | C52: ='Journal Entries'!C$420 -> 650 | D52: ='Journal Entries'!A$446 -> 43018 | E52: ='Journal Entries'!B$446 -> Website Expenses | F52: ='Journal Entries'!C$446 -> 18 | K52: ='Journal Entries'!A462 -> 43029 | L52: ='Journal Entries'!B462 -> Bank | M52: ='Journal Entries'!C462 -> 75
A53: ='Journal Entries'!A$437 -> 43010 | B53: ='Journal Entries'!B$438 -> Services Revenue | C53: ='Journal Entries'!C$437 -> 3800 | D53: ='Journal Entries'!A$449 -> 43019 | E53: ='Journal Entries'!B$449 -> Telephone Expenses | F53: ='Journal Entries'!C$449 -> 50 | K53: ='Journal Entries'!A465 -> 43030 | L53: ='Journal Entries'!B465 -> Bank | M53: ='Journal Entries'!C465 -> 2075
A54: ='Journal Entries'!A$440 -> 43011 | B54: ='Journal Entries'!B$441 -> Unearned Revenue | C54: ='Journal Entries'!C$440 -> 600 | E54: ='Journal Entries'!B$450 -> Pre Paid Telephone Expenses | F54: ='Journal Entries'!C$450 -> 100 | K54: ='Journal Entries'!A484 -> 43048 | L54: ='Journal Entries'!B484 -> Bank | M54: ='Journal Entries'!C484 -> 3550
A55: ='Journal Entries'!A$456 -> 43023 | B55: ='Journal Entries'!B$457 -> Services Revenue | C55: ='Journal Entries'!C$456 -> 2800 | D55: ='Journal Entries'!A$459 -> 43028 | E55: ='Journal Entries'!B$459 -> Sales tax liability | F55: ='Journal Entries'!C$459 -> 25 | K55: ='Journal Entries'!A496 -> 43060 | L55: ='Journal Entries'!B496 -> Bank | M55: ='Journal Entries'!C496 -> 1425
A56: ='Journal Entries'!A$462 -> 43029 | B56: ='Journal Entries'!B$463 -> Services Revenue | C56: ='Journal Entries'!C$462 -> 75 | D56: ='Journal Entries'!A$478 -> 43040 | E56: ='Journal Entries'!B$478 -> Warehouse Utilities expenses | F56: ='Journal Entries'!C$478 -> 100 | K56: ='Journal Entries'!A499 -> 43061 | L56: ='Journal Entries'!B499 -> Accounts receivable | M56: ='Journal Entries'!C499 -> 400
A57: ='Journal Entries'!A$465 -> 43030 | B57: ='Journal Entries'!B$466 -> Services Revenue | C57: ='Journal Entries'!C$465 -> 2075 | D57: ='Journal Entries'!A$487 -> 43049 | E57: ='Journal Entries'!B$487 -> Website Expenses | F57: ='Journal Entries'!C$487 -> 18 | K57: ='Journal Entries'!A505 -> 43065 | L57: ='Journal Entries'!B505 -> Accounts receivable | M57: ='Journal Entries'!C505 -> 200
A58: ='Journal Entries'!A$468 -> 43039 | B58: ='Journal Entries'!B$469 -> Accounts receivable | C58: ='Journal Entries'!C$468 -> 900 | D58: ='Journal Entries'!A$493 -> 43059 | E58: ='Journal Entries'!B$493 -> Sales Tax Liability | F58: ='Journal Entries'!C$493 -> 35 | K58: ='Journal Entries'!A508 -> 43066 | L58: ='Journal Entries'!B508 -> Bank | M58: ='Journal Entries'!C508 -> 2275
A59: ='Journal Entries'!A$484 -> 43048 | B59: ='Journal Entries'!B$485 -> Services Revenue | C59: ='Journal Entries'!C$484 -> 3550 | D59: ='Journal Entries'!A$502 -> 43062 | E59: ='Journal Entries'!B$502 -> Printing & Stationary expenses | F59: ='Journal Entries'!C$502 -> 50 | K59: ='Journal Entries'!A530 -> 43074 | L59: ='Journal Entries'!B530 -> Bank | M59: ='Journal Entries'!C530 -> 1550
A60: ='Journal Entries'!A$496 -> 43060 | B60: ='Journal Entries'!B$497 -> Services Revenue | C60: ='Journal Entries'!C$496 -> 1425 | D60: ='Journal Entries'!A$518 -> 43070 | E60: ='Journal Entries'!B$518 -> Warehouse Utilities expenses | F60: ='Journal Entries'!C$518 -> 100 | K60: ='Journal Entries'!A546 -> 43081 | L60: ='Journal Entries'!B546 -> Bank | M60: ='Journal Entries'!C546 -> 1675
A61: ='Journal Entries'!A$508 -> 43066 | B61: ='Journal Entries'!B$509 -> Services Revenue | C61: ='Journal Entries'!C$508 -> 2275 | D61: ='Journal Entries'!A$533 -> 43076 | E61: ='Journal Entries'!B$533 -> Accounts Payable | F61: ='Journal Entries'!D$534 -> 1225 | K61: ='Journal Entries'!A549 -> 43082 | L61: ='Journal Entries'!B549 -> Accounts Receivable | M61: ='Journal Entries'!C549 -> 500
A62: ='Journal Entries'!A$527 -> 43070 | B62: ='Journal Entries'!B$528 -> Note Payable | C62: ='Journal Entries'!C$527 -> 100000 | D62: ='Journal Entries'!A$540 -> 43079 | E62: ='Journal Entries'!B$540 -> Website Expenses | F62: ='Journal Entries'!C$540 -> 18 | K62: ='Journal Entries'!A552 -> 43084 | L62: ='Journal Entries'!B552 -> Bank | M62: ='Journal Entries'!C552 -> 2000
A63: ='Journal Entries'!A$530 -> 43074 | B63: ='Journal Entries'!B$531 -> Services Revenue | C63: ='Journal Entries'!C$530 -> 1550 | D63: ='Journal Entries'!A$555 -> 43089 | E63: ='Journal Entries'!B$555 -> Sales Tax Liability | F63: ='Journal Entries'!C$555 -> 40 | K63: ='Journal Entries'!A558 -> 43094 | L63: ='Journal Entries'!B558 -> Accounts Receivable | M63: ='Journal Entries'!C558 -> 100
A64: ='Journal Entries'!A$537 -> 43075 | B64: ='Journal Entries'!B$538 -> Accounts Receivable | C64: ='Journal Entries'!C$537 -> 400 | D64: ='Journal Entries'!A118 -> 42824 | E64: ='Journal Entries'!B118 -> Drawings | F64: ='Journal Entries'!C118 -> 500 | K64: ='Journal Entries'!A561 -> 43096 | L64: ='Journal Entries'!B561 -> Bank | M64: ='Journal Entries'!C561 -> 850
A65: ='Journal Entries'!A$546 -> 43081 | B65: ='Journal Entries'!B$547 -> Services Revenue | C65: ='Journal Entries'!C$546 -> 1675 | D65: ='Journal Entries'!A166 -> 42845 | E65: ='Journal Entries'!B166 -> Work Vehicle Expenses | F65: ='Journal Entries'!C166 -> 400 | K65: ='Journal Entries'!A564 -> 43097 | L65: ='Journal Entries'!B564 -> Bank | M65: ='Journal Entries'!C564 -> 450
A66: ='Journal Entries'!A$552 -> 43084 | B66: ='Journal Entries'!B$553 -> Services Revenue | C66: ='Journal Entries'!C$552 -> 2000 | K66: ='Journal Entries'!A567 -> 43097 | L66: ='Journal Entries'!B567 -> Bank | M66: ='Journal Entries'!C567 -> 750
A67: ='Journal Entries'!A$561 -> 43096 | B67: ='Journal Entries'!B$562 -> Services Revenue | C67: ='Journal Entries'!C$561 -> 850 | M67: =SUM(M4:M66) -> 60685
A68: ='Journal Entries'!A$564 -> 43097 | B68: ='Journal Entries'!B$565 -> Services Revenue | C68: ='Journal Entries'!C$564 -> 450
A69: ='Journal Entries'!A$567 -> 43097 | B69: ='Journal Entries'!B$568 -> Services Revenue | C69: ='Journal Entries'!C$567 -> 750
C71: =SUM(C4:C69) -> 179560 | D71: 43100 | E71: Bal c/d | F71: =(C71-SUM(F4:F65)) -> 151979
F72: =F71+SUM(F4:F63) -> 178660
A73: Owners Equity | H73: Preliminary Expense | O73: Website Expenses
A74: Date | B74: Particulars | C74: Amount | D74: Date | E74: Particulars | F74: Amount | H74: Date | I74: Particulars | J74: Amount | K74: Date | L74: Particulars | M74: Amount | O74: Date | P74: Particulars | Q74: Amount | R74: Date | S74: Particulars | T74: Amount
A75: 43100 | B75: bal c/d | C75: =F75 -> 15000 | D75: ='Journal Entries'!A3 -> 42737 | E75: ='Journal Entries'!B3 -> Bank | F75: ='Journal Entries'!D4 -> 15000 | H75: ='Journal Entries'!A6 -> 42737 | I75: ='Journal Entries'!B7 -> Bank | J75: ='Journal Entries'!D7 -> 50 | K75: 43100 | L75: Bal c/d | M75: =J75 -> 50 | O75: ='Journal Entries'!A16 -> 42745 | P75: ='Journal Entries'!B17 -> Bank | Q75: ='Journal Entries'!D17 -> 18 | R75: 43100 | S75: Bal c/d | T75: =Q87 -> 216
O76: ='Journal Entries'!A57 -> 42776 | P76: ='Journal Entries'!B58 -> Bank | Q76: ='Journal Entries'!C57 -> 18
O77: ='Journal Entries'!A87 -> 42804 | P77: ='Journal Entries'!B88 -> Bank | Q77: ='Journal Entries'!C87 -> 18
O78: ='Journal Entries'!A144 -> 42835 | P78: ='Journal Entries'!B145 -> Bank | Q78: ='Journal Entries'!C144 -> 18
O79: ='Journal Entries'!A203 -> 42865 | P79: ='Journal Entries'!B204 -> Bank | Q79: ='Journal Entries'!C203 -> 18
O80: ='Journal Entries'!A234 -> 42896 | P80: ='Journal Entries'!B235 -> Bank | Q80: ='Journal Entries'!C234 -> 18
O81: ='Journal Entries'!A291 -> 42926 | P81: ='Journal Entries'!B292 -> Bank | Q81: ='Journal Entries'!C291 -> 18
O82: ='Journal Entries'!A356 -> 42957 | P82: ='Journal Entries'!B357 -> Bank | Q82: ='Journal Entries'!C356 -> 18
O83: ='Journal Entries'!A387 -> 42988 | P83: ='Journal Entries'!B388 -> Bank | Q83: ='Journal Entries'!C387 -> 18
O84: ='Journal Entries'!A446 -> 43018 | P84: ='Journal Entries'!B447 -> Bank | Q84: ='Journal Entries'!C446 -> 18
O85: ='Journal Entries'!A487 -> 43049 | P85: ='Journal Entries'!B488 -> Bank | Q85: ='Journal Entries'!C487 -> 18
O86: ='Journal Entries'!A540 -> 43079 | P86: ='Journal Entries'!B541 -> Bank | Q86: ='Journal Entries'!C540 -> 18
Q87: =SUM(Q75:Q86) -> 216
A90: Rent Expense | H90: Prepaid Rent | O90: Equipment
A91: Date | B91: Particulars | C91: Amount | D91: Date | E91: Particulars | F91: Amount | H91: Date | I91: Particulars | J91: Amount | K91: Date | L91: Particulars | M91: Amount | O91: Date | P91: Particulars | Q91: Amount | R91: Date | S91: Particulars | T91: Amount
A92: ='Journal Entries'!A9 -> 42737 | B92: ='Journal Entries'!B11 -> Bank | C92: ='Journal Entries'!C9 -> 700 | D92: 43100 | E92: bal c/d | F92: =C104 -> 8400 | H92: ='Journal Entries'!A9 -> 42737 | I92: ='Journal Entries'!B11 -> Bank | J92: ='Journal Entries'!C10 -> 1400 | K92: ='Journal Entries'!A45 -> 42767 | L92: ='Journal Entries'!B46 -> Prepaid Rent | M92: ='Journal Entries'!C45 -> 700 | O92: ='Journal Entries'!A13 -> 42739 | P92: ='Journal Entries'!B14 -> Bank | Q92: ='Journal Entries'!D14 -> 1471 | R92: 43100 | S92: bal c/d | T92: =Q92 -> 1471
A93: ='Journal Entries'!A45 -> 42767 | B93: ='Journal Entries'!B46 -> Prepaid Rent | C93: ='Journal Entries'!C45 -> 700 | H93: ='Journal Entries'!A131 -> 42826 | I93: ='Journal Entries'!B133 -> Bank | J93: ='Journal Entries'!C132 -> 1400 | K93: ='Journal Entries'!A81 -> 42795 | L93: ='Journal Entries'!B82 -> Prepaid Rent | M93: ='Journal Entries'!C81 -> 700
A94: ='Journal Entries'!A81 -> 42795 | B94: ='Journal Entries'!B82 -> Prepaid Rent | C94: ='Journal Entries'!C81 -> 700 | H94: ='Journal Entries'!A284 -> 42917 | I94: ='Journal Entries'!B286 -> Bank | J94: ='Journal Entries'!C285 -> 1400 | K94: ='Journal Entries'!A182 -> 42856 | L94: ='Journal Entries'!B183 -> Prepaid Rent | M94: ='Journal Entries'!C182 -> 700
A95: ='Journal Entries'!A131 -> 42826 | B95: ='Journal Entries'!B133 -> Bank | C95: ='Journal Entries'!C131 -> 700 | H95: ='Journal Entries'!A433 -> 43009 | I95: ='Journal Entries'!B435 -> Bank | J95: ='Journal Entries'!C434 -> 1400 | K95: ='Journal Entries'!A231 -> 42887 | L95: ='Journal Entries'!B232 -> Prepaid Rent | M95: ='Journal Entries'!C231 -> 700
A96: ='Journal Entries'!A182 -> 42856 | B96: ='Journal Entries'!B183 -> Prepaid Rent | C96: ='Journal Entries'!C182 -> 700 | K96: ='Journal Entries'!A341 -> 42948 | L96: ='Journal Entries'!B342 -> Prepaid Rent | M96: ='Journal Entries'!C341 -> 700
A97: ='Journal Entries'!A231 -> 42887 | B97: ='Journal Entries'!B232 -> Prepaid Rent | C97: ='Journal Entries'!C231 -> 700 | K97: ='Journal Entries'!A384 -> 42979 | L97: ='Journal Entries'!B385 -> Prepaid Rent | M97: ='Journal Entries'!C384 -> 700
A98: ='Journal Entries'!A284 -> 42917 | B98: ='Journal Entries'!B286 -> Bank | C98: ='Journal Entries'!C284 -> 700 | K98: ='Journal Entries'!A481 -> 43040 | L98: ='Journal Entries'!B482 -> Prepaid Rent | M98: ='Journal Entries'!C481 -> 700
A99: ='Journal Entries'!A341 -> 42948 | B99: ='Journal Entries'!B342 -> Prepaid Rent | C99: ='Journal Entries'!C341 -> 700 | K99: ='Journal Entries'!A521 -> 43070 | L99: ='Journal Entries'!B522 -> Prepaid Rent | M99: ='Journal Entries'!C521 -> 700
A100: ='Journal Entries'!A384 -> 42979 | B100: ='Journal Entries'!B385 -> Prepaid Rent | C100: ='Journal Entries'!C384 -> 700 | J100: =SUM(J92:J95) -> 5600 | M100: =SUM(M92:M99) -> 5600
A101: ='Journal Entries'!A433 -> 43009 | B101: ='Journal Entries'!B435 -> Bank | C101: ='Journal Entries'!C433 -> 700
A102: ='Journal Entries'!A481 -> 43040 | B102: ='Journal Entries'!B482 -> Prepaid Rent | C102: ='Journal Entries'!C481 -> 700
A103: ='Journal Entries'!A521 -> 43070 | B103: ='Journal Entries'!B522 -> Prepaid Rent | C103: ='Journal Entries'!C521 -> 700
C104: =SUM(C92:C103) -> 8400
...

Sheet Trial balance
A1: LuvMuscles LLC
A2: Trial Balance
A3: As at 31 Dec 2017
A4: Particulars | B4: Debit | C4: Credit
A5: ='T Accounts'!A2 -> Bank | B5: ='T Accounts'!F71 -> 151979
A6: ='T Accounts'!H2 -> Service Revenue | C6: ='T Accounts'!J4 -> 60685
A7: ='T Accounts'!O2 -> Unearned Revenue | C7: ='T Accounts'!Q15 -> 2525
A8: ='T Accounts'!A73 -> Owners Equity | C8: ='T Accounts'!C75 -> 15000
A9: ='T Accounts'!H73 -> Preliminary Expense | B9: ='T Accounts'!J75 -> 50
A10: ='T Accounts'!O73 -> Website Expenses | B10: ='T Accounts'!T75 -> 216
A11: ='T Accounts'!A90 -> Rent Expense | B11: ='T Accounts'!F92 -> 8400
A12: ='T Accounts'!H90 -> Prepaid Rent | B12: 0
A13: ='T Accounts'!O90 -> Equipment | B13: ='T Accounts'!T92 -> 1471
A14: ='T Accounts'!A107 -> Printing and Stationary Expenses | B14: ='T Accounts'!F109 -> 900
A15: ='T Accounts'!H107 -> Warehouse Utility Expenses | B15: ='T Accounts'!M109 -> 1100
A16: ='T Accounts'!O107 -> Drawings | B16: ='T Accounts'!T109 -> 800
A17: ='T Accounts'!A125 -> Inventory | B17: ='T Accounts'!F137 -> 1217.5
A18: ='T Accounts'!H125 -> Accounts Payable | C18: 0
A19: ='T Accounts'!O125 -> Discounts Received | C19: ='T Accounts'!Q127 -> 61
A20: ='T Accounts'!A142 -> Accounts Receivable | B20: ='T Accounts'!F151 -> 8192.5
A21: ='T Accounts'!H142 -> Sales | C21: ='T Accounts'!J144 -> 6925
A22: ='T Accounts'!O142 -> Sales Tax Liability | C22: ='T Accounts'!Q153 -> 117.5
A23: ='T Accounts'!A181 -> Cost of Goods Sold | B23: ='T Accounts'!F183 -> 1832.5
A24: ='T Accounts'!H182 -> Work Vehicle | B24: ='T Accounts'!M184 -> 10000
A25: ='T Accounts'!O182 -> Work Vehicle Expenses | B25: ='T Accounts'!T184 -> 400
A26: ='T Accounts'!A199 -> Intangible Assets | B26: ='T Accounts'!F201 -> 355
A27: ='T Accounts'!H199 -> Depreciation expense- Equipment | B27: ='T Accounts'!M201 -> 735.5
A28: ='T Accounts'!O199 -> Accumulated Depreciation - Equipment | C28: ='T Accounts'!T201 -> 735.5
A29: ='T Accounts'!A217 -> Depreciation expense- Work Vehicle | B29: ='T Accounts'!F219 -> 1050
A30: ='T Accounts'!H217 -> Accumulated Depreciation- Work Vehicle | C30: ='T Accounts'!J219 -> 1050
A31: ='T Accounts'!O217 -> Armotization expense- Intangible assets | B31: ='T Accounts'!T219 -> 23.7
A32: ='T Accounts'!A234 -> Accumulated Armotization- Intangible assets | C32: ='T Accounts'!F236 -> 23.7
A33: ='T Accounts'!H234 -> Cell Phone | B33: ='T Accounts'!M236 -> 100
A34: ='T Accounts'!O234 -> Telephone Expenses | B34: ='T Accounts'!T236 -> 600
A35: ='T Accounts'!H251 -> Notes Payable | C35: ='T Accounts'!M253 -> 100000
A36: ='T Accounts'!A251 -> Prepaid Telephone Expenses | B36: 0
A37: TOTALS | B37: =SUM(B5:B36) -> 189422.7 | C37: =SUM(C5:C36) -> 187122.7

Sheet Income Statement and RE
B1: LuvMuscles LLC
B2: Income Statement
B3: For the period ending 31 Dec 2017
B4: ='Trial balance'!A6 -> Service Revenue | F4: ='Trial balance'!C6 -> 60685
B5: Sales | F5: ='Trial balance'!C21 -> 6925
B6: ='Trial balance'!A19 -> Discounts Received | F6: ='Trial balance'!C19 -> 61
B7: ='Trial balance'!A23 -> Cost of Goods Sold | F7: =('Trial balance'!B23) -> 1832.5
B8: Gross Profit | F8: =(F4+F5+F6)-F7 -> 65838.5
B10: ='Trial balance'!A9 -> Preliminary Expense | E10: ='Trial balance'!B9 -> 50
B11: ='Trial balance'!A10 -> Website Expenses | E11: ='Trial balance'!B10 -> 216
B12: ='Trial balance'!A11 -> Rent Expense | E12: ='Trial balance'!B11 -> 8400
B13: ='Trial balance'!A14 -> Printing and Stationary Expenses | E13: ='Trial balance'!B14 -> 900
B14: ='Trial balance'!A15 -> Warehouse Utility Expenses | E14: ='Trial balance'!B15 -> 1100
B15: ='Trial balance'!A25 -> Work Vehicle Expenses | E15: ='Trial balance'!B25 -> 400
B16: ='Trial balance'!A27 -> Depreciation expense- Equipment | E16: ='Trial balance'!B27 -> 735.5
B17: ='Trial balance'!A29 -> Depreciation expense- Work Vehicle | E17: ='Trial balance'!B29 -> 1050
B18: ='Trial balance'!A31 -> Armotization expense- Intangible assets | E18: ='Trial balance'!B31 -> 23.7
B19: ='Trial balance'!A34 -> Telephone Expenses | E19: ='Trial balance'!B34 -> 600 | F19: =SUM(E10:E19) -> 13475.2
B21: Net profit | F21: =F8-F19 -> 52363.3
B22: 223
B23: LuvMuscles LLC
B24: Statement of Retained Earnings
B25: For the period ending 31 Dec 2017
B26: Retained earnings as at 01.01.17 | F26: ='Trial balance'!C8 -> 15000
B27: Add: Net Profit | F27: =F21 -> 52363.3
B28: Less: Drawings | F28: =-'Trial balance'!B16 -> -800
B30: Retained Earnings as at 12.31.17 | F30: =F26+F27+F28 -> 66563.3

Sheet Balance Sheet
C1: LuvMuscles LLC
C2: Statement of Financial Position
C3: As at 31 Dec 2017
C4: Assets
C5: Current Assets
C6: ='Trial balance'!A5 -> Bank | E6: ='Trial balance'!B5 -> 151979
C7: ='Trial balance'!A20 -> Accounts Receivable | E7: ='Trial balance'!B20 -> 8192.5
C8: ='Trial balance'!A17 -> Inventory | E8: ='Trial balance'!B17 -> 1217.5 | F8: =SUM(E6:E8) -> 161389
C10: Property, plant and equipment
C11: ='Trial balance'!A33 -> Cell Phone | E11: ='Trial balance'!B33 -> 100
C12: ='Trial balance'!A13 -> Equipment | D12: ='Trial balance'!B13 -> 1471
C13: Less: Accumulated Depreciation | D13: ='Trial balance'!C28 -> 735.5 | E13: =D12-D13 -> 735.5
C14: ='Trial balance'!A24 -> Work Vehicle | D14: ='Trial balance'!B24 -> 10000
C15: Less: Accumulated Depreciation | D15: ='Trial balance'!C30 -> 1050 | E15: =D14-D15 -> 8950 | F15: =SUM(E11:E15) -> 9785.5
C17: ='Trial balance'!A26 -> Intangible Assets | E17: ='Trial balance'!B26 -> 355
C18: Less: Accumulated Depreciation | E18: ='Trial balance'!C32 -> 23.7 | F18: =E17-E18 -> 331.3
C19: TOTAL ASSETS | F19: =SUM(F8:F18) -> 171505.8
C21: Liabilities and Shareholder equity
C22: Current Liabilities
C23: ='Trial balance'!A22 -> Sales Tax Liability | E23: ='Trial balance'!C22 -> 117.5
C24: ='Trial balance'!A7 -> Unearned Revenue | E24: ='Trial balance'!C7 -> 2525 | F24: =E24+E23 -> 2642.5
C26: ='Trial balance'!A35 -> Notes Payable | F26: ='Trial balance'!C35 -> 100000
C27: Liabilities | F27: =F26+F24 -> 102642.5
C29: Retained Earnings | F29: ='Income Statement and RE'!F30 -> 66563.3
C30: Total Liabilities and Shareholder equity | F30: =F29+F27 -> 169205.8

Sheet Cash Flow Statement
C1: LuvMuscles LLC
C2: Cash Flow Statement
C3: For the period ending 31 Dec 2017
C4: Operating activities
C5: Net Income | G5: ='Income Statement and RE'!F21 -> 52363.3
C6: Adjust for Depreciation | G6: ='Balance Sheet'!D13+'Balance Sheet'!D15+'Balance Sheet'!E18 -> 1809.2
G7: =G5+G6 -> 54172.5
C8: Increase in inventory | F8: =-'Balance Sheet'!E8 -> -1217.5
C9: Increase in unearned revenue | F9: ='Balance Sheet'!E24 -> 2525
C10: Increase in sales tax | F10: =-'Balance Sheet'!E23 -> -117.5
C11: Increase in accounts receivable | F11: =-'Balance Sheet'!E7 -> -8192.5 | G11: =SUM(F8:F11) -> -7002.5
C12: Net cash provided by Operating activities | G12: =G7+G11 -> 47170
C14: Investing activities
C15: Purchase of vehicle | F15: =-'Balance Sheet'!D14 -> -10000
C16: Purchase of cellphone | F16: =-'Balance Sheet'!E11 -> -100
C17: Purchase of equipment | F17: =-'Balance Sheet'!D12 -> -1471
C18: Purchase of intangible assets | F18: =-'Balance Sheet'!E17 -> -355
C19: Net cash used by investing activities | G19: =SUM(F15:F18) -> -11926
C21: Financing activities
C22: Note payable | F22: 100000
C23: Net cash provided by financing activities | G23: =F22 -> 100000
C24: Net Increase in Cash | G24: =F22+G19+G12 -> 135244
C25: Cash at beggining of period | G25: 15000
C26: Cash at the end of period | G26: =G25+G24 -> 150244
